 Dungeon Crawl Stone Soup version 0.29-a0-563-g64e4043184 (webtiles) character file.

Game seed: 2034169080197100208

19154 grumblor the Cleaver (level 12, -2/67 HPs)
             Began as a Vine Stalker Fighter on June 11, 2022.
             Was an Initiate of Ru.
             Slain by an orc warlord
             ... wielding a +1 great sword
              (15 damage)
             ... on level 12 of the Dungeon.
             The game lasted 00:19:47 (11789 turns).

grumblor the Cleaver (Vine Stalker Fighter)        Turns: 11789, Time: 00:19:48

Health: -2/67      AC: 25    Str: 24    XL:     12   Next: 66%
Magic:  0/22       EV:  8    Int:  8    God:    Ru [......]
Gold:   805        SH:  6    Dex: 17    Spells: 11/11 levels left

rFire   . . .      SeeInvis .   a - +1 war axe
rCold   . . .      Faith    .   c - +0 buckler
rNeg    . . .      Spirit   +   g - +6 plate armour "Effoac" {Dex+3 Slay+3}
rPois   .          Reflect  .   m - +0 helmet
rElec   .          Harm     .   u - +0 cloak
rCorr   .          Rampage  .   h - +1 pair of gloves
Will    +....                   A - +0 pair of boots
Stlth   ..........              (no amulet)
HPRegen 1.01/turn               p - ring of magical power
MPRegen 0.18/turn               n - +4 ring of slaying

@: no status effects
A: fangs 3, regeneration 1, magic shield, antimagic bite, no potion heal 2
a: Renounce Religion


You were on level 12 of the Dungeon.
You worshipped Ru.
Ru was noncommittal.
You visited 3 branches of the dungeon, and saw 14 of its levels.

You collected 805 gold pieces.

Inventory:

Hand Weapons
 a - a +1 war axe (weapon)
 z - a +1 whip of electrocution
Missiles
 b - 5 throwing nets
 f - 21 poisoned darts
 l - 4 boomerangs (quivered)
 H - a javelin
 J - 2 boomerangs of dispersal
Armour
 c - a +0 buckler (worn)
 g - the +6 plate armour "Effoac" (worn) {Dex+3 Slay+3}
   (You found it on level 7 of the Dungeon)

   Dex:       It affects your dexterity (+3).
   Slay:      It affects your accuracy & damage with ranged weapons and melee
   (+3).
 h - a +1 pair of gloves (worn)
 m - a +0 helmet (worn)
 u - a +0 cloak (worn)
 A - a +0 pair of boots (worn)
Jewellery
 n - a +4 ring of slaying (right hand)
 p - a ring of magical power (left hand)
 w - a ring of fire
 x - a ring of resist corrosion
 y - a ring of protection from cold
Wands
 j - a wand of flame (8)
 t - a wand of iceblast (4)
 B - a wand of paralysis (3)
 D - a wand of polymorph (3)
 E - a wand of mindburst (2)
Scrolls
 o - a scroll of fog
 q - 2 scrolls of enchant armour
 v - 2 scrolls of teleportation
 C - 2 scrolls of identify
 G - a scroll of magic mapping
Potions
 d - 4 potions of might
 e - a potion of mutation
 i - 7 potions of curing
 k - 3 potions of cancellation
 r - 2 potions of haste
 s - 2 potions of lignification
 F - a potion of resistance
Miscellaneous
 I - a box of beasts (inert)


   Skills:
 * Level 9.7 Fighting
 + Level 11.4 Axes
 - Level 2.0 Throwing
 + Level 7.4 Armour
 - Level 4.0 Dodging
 + Level 5.6 Shields
 * Level 6.2 Evocations


You had 11 spell levels left.
You didn't know any spells.
Your spell library contained the following spells:

 Spells                   Type           Power      Damage    Failure   Level
 Beastly Appendage        Tmut           0%         N/A       100%        1
 Foxfire                  Conj/Fire      0%         2x1d4     100%        1
 Sandblast                Erth           0%         2d4       100%        1
 Slow                     Hex            0%         N/A       100%        1
 Summon Small Mammal      Summ           0%         N/A       100%        1
 Poisonous Vapours        Pois/Air       0%         N/A       100%        2
 Sublimation of Blood     Necr           0%         N/A       100%        2
 Wereblood                Tmut           0%         N/A       100%        2
 Call Canine Familiar     Summ           0%         N/A       100%        3
 Conjure Flame            Conj/Fire      0%         6-21      100%        3
 Ignite Poison            Fire/Tmut/Pois 0%         N/A       100%        3
 Inner Flame              Hex/Fire       0%         N/A       100%        3
 Spider Form              Tmut/Pois      0%         N/A       100%        3
 Stone Arrow              Conj/Erth      0%         3d7       100%        3
 Summon Guardian Golem    Hex/Summ       0%         N/A       100%        3
 Tukima's Dance           Hex            0%         N/A       100%        3
 Animate Armour           Summ/Erth      0%         N/A       100%        4
 Corpse Rot               Necr/Pois/Air  0%         N/A       100%        4
 Flame Wave               Conj/Fire      0%         2d4       100%        4
 Sticky Flame             Conj/Fire      0%         2d3       100%        4
 Iron Shot                Conj/Erth      0%         9d1       100%        6
 Haunt                    Necr/Summ      0%         N/A       100%        7
 Summon Hydra             Summ           0%         N/A       100%        7
 Infestation              Necr           0%         N/A       100%        8


Dungeon Overview and Level Annotations

Branches:
Dungeon (12/15)            Temple (1/1) D:5            Lair (0/6) D:9
    Orc (1/2) D:12

Altars:
Ashenzari
Fedhas
Nemelex Xobeh
Qazlal
Ru
Sif Muna
Vehumet
Wu Jian


Innate Abilities, Weirdness & Mutations

You have razor-sharp teeth.
Your natural rate of healing is unusually fast.
When hurt, damage is shared between your health and your magic reserves.
Your bite disrupts and absorbs the magic of your enemies.
Potions cannot restore your health.


Message History

There is a staircase back to the Dungeon here.
You slash the ogre!
You kill the ogre!
You slash the orc!
You kill the orc!
The orc throws a boomerang.
The boomerang hits you but does no damage.
You slash the orc!
You kill the orc!
The orc completely misses you. You block the orc's attack.
Aiming: Iceblast
Press: ? - help, Shift-Dir - straight line, f - orc
Aim: an orc, wielding a +0 trident, wearing a +0 scale mail and quivering boomerangs (strong)
The mass of ice explodes!
The iceblast engulfs the orc!
You kill the orc!
The iceblast engulfs the orc warlord!
The orc warlord is lightly wounded.
The iceblast engulfs the orc warrior!!
The orc warrior is severely wounded.
You hear a shout!
The orc warlord hits you with a +1 great sword!
You climb upwards.
Welcome back to the Dungeon!
There is a staircase to the Orcish Mines here.
You hit the orc warlord.
The orc warlord is lightly wounded.
The orc warlord hits you with a +1 great sword!
You hit the orc warlord but do no damage.
You bite the orc warlord, but do no damage.
The orc warlord is lightly wounded.
The orc warlord hits you with a +1 great sword!!
Okay, then.
You open the lid... ...and a juvenile weirdfire beast leaps out!
The box is emptied!
The orc warlord hits you with a +1 great sword!
* * * LOW HITPOINT WARNING * * *
The orc warlord attacks as you move away!
The orc warlord hits you with a +1 great sword!!
You die...

#....................#.......
###..................'...####
#..................#)).#∩.∩
###................#..[#...
#................##.['...
#..................[[#...
#............#!......#∩.∩
#............#......[####
###.....@.....####.......
#....o.H.......#.......
#..............#..#....
#..............#..##'##
########..............#.......
#.....................#.......
#...##'##.........#####.......
#[..#....#....................
#...#....#....................


You could see an orc warlord (ally target) and a friendly juvenile weirdfire
beast (summoned).

Vanquished Creatures
  The ghost of frustraionsimulator the Alchemist, a journeyman SpHu of Gozag (D:12)
  Harold (D:9)
  Fannar (D:10)
  A two-headed ogre (D:9)
  5 skeletal warriors
  Pikel (D:7)
  An ugly thing (D:12)
  A cyclops (D:12)
  3 kobold demonologists (D:12)
  A komodo dragon (D:12)
  A wolf spider simulacrum (D:11)
  5 trolls
  9 slime creatures (D:12)
  A hornet (D:9)
  Grinder (D:3)
  2 shadows
  2 wraiths (D:11)
  A ynoxinul (D:12)
  A wyvern (D:8)
  3 yaks (D:10)
  A steam dragon (D:7)
  4 vampire mosquitoes (D:12)
  Menkaure (D:7)
  2 wargs
  Edmund (D:6)
  3 water moccasins
  3 acid dragons (D:11)
  2 ice beasts
  6 orc warriors
  3 ogres (Orc:1)
  A lemure (D:7)
  9 centaurs
  2 phantoms
  A kobold brigand (D:9)
  A necrophage (D:7)
  2 bullfrogs
  2 scorpions (D:5)
  A gnoll sergeant (D:8)
  17 wights
  8 killer bees
  5 howler monkeys
  3 electric eels (D:9)
  2 hounds
  7 orc priests
  2 gnoll shamans (D:7)
  Ijyb (D:3)
  6 iguanas
  Natasha (thrice) (D:3)
  14 orc wizards
  9 adders
  16 gnolls
  2 shadow imps
  2 ufetubi
  A worm (D:3)
  A dart slug (D:2)
  33 orcs
  11 endoplasms
  3 giant cockroaches
  12 goblins
  10 hobgoblins
  10 jackals
  5 quokkas
  5 ball pythons
  6 bats
  2 frilled lizards
  16 kobolds
  A rat (D:2)
  A bush (D:12)
301 creatures vanquished.

Vanquished Creatures (others)
  10 plants
10 creatures vanquished.

Grand Total: 311 creatures vanquished

Notes
Turn   | Place    | Note
-------+----------+-------------------------------------------
     0 | D:1      | grumblor the Vine Stalker Fighter began the quest for the
                  | Orb.
     0 | D:1      | Reached XP level 1. HP: 11/11 MP: 2/2
   251 | D:1      | Reached XP level 2. HP: 15/16 MP: 1/3
   828 | D:1      | Found a faded altar of an unknown god.
   870 | D:1      | Reached skill level 2 in Axes
  1004 | D:1      | Reached XP level 3. HP: 20/20 MP: 4/4
  1437 | D:2      | Got the Papyrus of Unholy Execration
  1984 | D:2      | Gained mutation: Your natural rate of healing is unusually
                  | fast. [Vine Stalker growth]
  1984 | D:2      | Reached XP level 4. HP: 24/24 MP: 3/5
  2248 | D:3      | Found a radiant altar of Vehumet.
  2249 | D:3      | Found a sparkling altar of Nemelex Xobeh.
  2463 | D:3      | Noticed Ijyb
  2467 | D:3      | Paralysed by Ijyb for 3 turns
  2481 | D:3      | Killed Ijyb
  2482 | D:3      | Reached skill level 1 in Dodging
  2597 | D:3      | Noticed Natasha
  2606 | D:3      | Killed Natasha
  2607 | D:3      | Reached XP level 5. HP: 27/28 MP: 4/6
  2683 | D:3      | Noticed Grinder
  2690 | D:3      | Paralysed by Grinder for 3 turns
  2702 | D:3      | Killed Grinder
  2703 | D:3      | Reached skill level 3 in Axes
  2703 | D:3      | Reached skill level 1 in Throwing
  2703 | D:3      | Reached XP level 6. HP: 27/33 MP: 5/7
  3390 | D:3      | Noticed Natasha
  3395 | D:3      | Killed Natasha
  3632 | D:3      | Noticed Natasha
  3635 | D:3      | Killed Natasha
  3823 | D:4      | Identified the +6 long sword of Coot {vorpal, rF+ rN+++
                  | Dex-5}
  3873 | D:4      | Reached XP level 7. HP: 37/37 MP: 8/8
  4226 | D:5      | Entered Level 5 of the Dungeon
  4359 | D:5      | Found a staircase to the Ecumenical Temple.
  4439 | Temple   | Entered the Ecumenical Temple
  4482 | Temple   | Became a worshipper of Ru the Awakened
  4652 | D:5      | Reached skill level 4 in Axes
  4910 | D:5      | Gained mutation: You have razor-sharp teeth. [Vine Stalker
                  | growth]
  4910 | D:5      | Reached XP level 8. HP: 34/42 MP: 9/9
  5327 | D:6      | Reached skill level 5 in Axes
  5439 | D:6      | Found a blossoming altar of Fedhas.
  5519 | D:6      | Noticed Edmund
  5528 | D:6      | Killed Edmund
  5643 | D:6      | Reached skill level 5 in Fighting
  5944 | D:7      | Reached skill level 6 in Axes
  5957 | D:7      | Reached XP level 9. HP: 31/47 MP: 10/10
  6100 | D:7      | Identified the +6 plate armour "Effoac" {Dex+3 Slay+3}
  6406 | D:7      | Noticed Menkaure
  6411 | D:7      | Killed Menkaure
  6412 | D:7      | Reached skill level 5 in Armour
  6587 | D:7      | Noticed Pikel
  6597 | D:7      | Killed Pikel
  6598 | D:7      | Reached skill level 7 in Axes
  6862 | D:7      | Found an ornate altar of the Wu Jian Council.
  7178 | D:8      | Reached skill level 1 in Evocations
  7179 | D:8      | Reached XP level 10. HP: 51/53 MP: 11/11
  7703 | D:9      | Found a staircase to the Lair.
  7713 | D:9      | Noticed Harold
  7723 | D:9      | Noticed a two-headed ogre
  7726 | D:9      | Killed Harold
  7727 | D:9      | Reached skill level 8 in Axes
  7756 | D:9      | Killed a two-headed ogre
  8428 | D:10     | Entered Level 10 of the Dungeon
  8431 | D:10     | Reached skill level 9 in Axes
  8431 | D:10     | Reached XP level 11. HP: 58/58 MP: 12/12
  8705 | D:10     | Reached skill level 5 in Shields
  8753 | D:10     | Noticed Fannar
  8771 | D:10     | Killed Fannar
 10244 | D:12     | Reached skill level 10 in Axes
 10355 | D:12     | Found a staircase to the Orcish Mines.
 10363 | D:12     | Found a runed translucent door.
 10374 | D:12     | Noticed frustraionsimulator's ghost (journeyman SpHu)
 10398 | D:12     | Reached skill level 5 in Evocations
 10492 | D:12     | Killed frustraionsimulator's ghost
 10493 | D:12     | Reached XP level 12. HP: 65/65 MP: 13/13
 10533 | D:12     | Got the Collected Works on Stones
 10541 | D:12     | Identified the +2 robe of Ydailylo {Will+}
 10570 | D:12     | Reached skill level 11 in Axes
 11671 | Orc:1    | Entered Level 1 of the Orcish Mines
 11766 | Orc:1    | Noticed an orc warlord
 11789 | D:12     | Slain by an orc warlord

Illustrated notes

Levels and vault maps discovered:
D:1:      psy_arrival_conway, layout_basic,
          hellmonk_ecumenical_altar_prayer_group, st_stairs_14
D:2:      layout_rooms, minivault_23
D:3:      layout_loops_ring, mainiacjoe_overflow_divided_tiny,
          kennysheep_pointless_box, chequers_serial_rivers_large_a,
          uniq_natasha, uniq_grinder, uniq_ijyb
D:4:      layout_loops_ring
D:5:      layout_loops_ring, minmay_temple_entry_large_hall,
          nrook_pool_corridor, saegor_snake_ambush
D:6:      layout_rooms, kennysheep_little_box, minmay_misc_feat_enclosed,
          uniq_edmund
D:7:      layout_basic, nzn_wu_jian_contemplation, st_stairs_5, uniq_menkaure,
          uniq_pikel
D:8:      layout_loops_ring
D:9:      layout_rooms, lair_entry_dummy, chequers_big_river, uniq_harold
D:10:     layout_loops_cross, minmay_door_square, uniq_fannar
D:11:     layout_gridville
D:12:     layout_irregular_city, david_orc_3, hellmonk_ghost_big_iron
Temple:   dpeg_five_rooms_temple
Orc:1:    layout_diamond_mine, mines_bat_river

Skill      XL: |  1  2  3  4  5  6  7  8  9 10 11 12 |
---------------+-------------------------------------+-----
Fighting       | 3 4 5 6 7 8 9 |  9.7
Axes           | 2 3 4 6 7 9 10 11 | 11.4
Shields        | 3 4 5 |  5.6
Armour         | 3 4 5 6 7 |  7.4
Dodging        | 1 2 3 4 |  4.0
Throwing       | 1 2 |  2.0
Evocations     | 1 3 5 6 |  6.2

Action                   |  1- 3 |  4- 6 |  7- 9 | 10-12 || total
-------------------------+-------+-------+-------+-------++-------
Melee: War axe           |   115 |   101 |   187 |   356 ||   759
       Bite              |    22 |    18 |    61 |   134 ||   235
Throw: Dart              |       |     4 |       |     6 ||    10
       Boomerang         |       |       |       |    12 ||    12
       Throwing net      |       |       |       |     1 ||     1
Invok: Reject Sacrifices |       |       |     1 |     1 ||     2
Evoke: Wand              |       |       |       |     8 ||     8
       Box of beasts     |       |       |       |     1 ||     1
  Use: Scroll            |     3 |     7 |     3 |    10 ||    23
       Potion            |       |       |       |     3 ||     3
 Stab: Paralysed         |       |       |       |     4 ||     4
Armor: Scale mail        |    67 |    51 |    60 |       ||   178
       Plate armour      |       |       |    42 |   266 ||   308
Dodge: Dodged            |    48 |    45 |    85 |   139 ||   317
Block: Buckler           |    26 |    14 |    54 |   101 ||   195

Table legend: (Time is in decaauts)
 A = Elapsed time spent in this place.
 B = Non-inter-level travel time spent in this place.
 C = Inter-level travel time spent in this place.
 D = Time resting spent in this place.
 E = Time spent auto-exploring this place.
 F = Levels seen in this place.
 G = Mean time per level.
                   A        B        C        D        E       F      G
               +--------+--------+--------+--------+--------+-----+--------+
         Total |  12016 |  11460 |    556 |   1092 |   8309 |  14 |  858.3 |
       Dungeon |  11827 |  11305 |    522 |   1081 |   8254 |  12 |  985.6 |
        Temple |     76 |     43 |     33 |      0 |     34 |   1 |   76.0 |
  Orcish Mines |    111 |    111 |      0 |     11 |     21 |   1 |  111.0 |
               +--------+--------+--------+--------+--------+-----+--------+

Top non-repeatable levels by time:
     D:3: 1489 daAuts
     D:1: 1459 daAuts
    D:11: 1347 daAuts
     D:7: 1081 daAuts
     D:5: 1050 daAuts
    D:12: 1001 daAuts
    D:10: 933 daAuts
     D:2: 804 daAuts
     D:8: 760 daAuts
     D:9: 749 daAuts
     D:4: 581 daAuts
     D:6: 568 daAuts
   Orc:1: 111 daAuts
  Temple: 76 daAuts
